[Event "Titled Tuesday Blitz April 19 Late 2022"]
[White "Davtyan, David Arm."]
[Black "Timofeev, Artyom"]
[WhiteFideId "13310046"]
[BlackFideId "4140419"]
[WhiteElo "2158"]
[BlackElo "2594"]
[Result "1-0"]
[Round "01"]
[TimeControl "180+1"]
[Date "2022.04.19"]
[WhiteClock "0:00:28"]
[BlackClock "0:00:04"]

1. c4 Nf6 2. Nc3 c5 3. g3 d5 4. Bg2 d4 5. Ne4 Nxe4 6. Bxe4 Nc6 7. d3 e5 8. Bg2 Bd6 9. e3 O-O 10. Ne2 Be6 11. O-O Qd7 12. exd4 cxd4 13. Re1 a5 14. Bd2 a4 15. Kh1 Bf5 16. Bc1 Bb4 17. Rf1 Bg4 18. a3 Bc5 19. Qc2 Kh8 20. Ng1 f5 21. Re1 e4 22. f3 exd3 23. Qxd3 Bh5 24. Bf4 Rfe8 25. Nh3 h6 26. Rad1 Rxe1+ 27. Rxe1 Bf7 28. Nf2 Na5 29. Qc2 Nxc4 30. Nd3 Bb6 31. Ne5 Nxe5 32. Bxe5 Bb3 33. Qd2 Kh7 34. Qd3 Rc8 35. Bh3 Bc2 36. Qd2 d3 37. Bc3 Qd5 38. Kg2 Kg8 39. Re5 Qc6 40. Bxf5 Re8 41. Qe1 Rxe5 42. Qxe5 Qf6 43. Qe8+ Qf8 44. Be6+ Kh7 45. Qxf8 1-0


[Site "https://www.chess.com"]

[Event "Titled Tuesday Blitz April 19 Late 2022"]
[White "Demchenko, Anton"]
[Black "Kovanova, Baira"]
[WhiteFideId "4160258"]
[BlackFideId "4164083"]
[WhiteElo "2539"]
[BlackElo "2190"]
[Result "0-1"]
[Round "01"]
[TimeControl "180+1"]
[Date "2022.04.19"]
[WhiteClock "0:02:46"]
[BlackClock "0:01:26"]

1. e4 e5 2. Nf3 Nc6 3. Bc4 Bc5 4. d3 Nf6 5. Bg5 d6 6. c3 a6 7. Nbd2 h6 8. Bh4 Ba7 9. O-O Be6 10. b4 g5 11. Bg3 Qe7 12. a4 O-O 13. Re1 Rad8 14. b5 Nb8 0-1


[Site "https://www.chess.com"]

[Event "Titled Tuesday Blitz April 19 Late 2022"]
[White "Dilmukhametov, Artur"]
[Black "Wieczorek, Oskar"]
[WhiteFideId "24179922"]
[BlackFideId "1133950"]
[WhiteElo "2244"]
[BlackElo "2319"]
[Result "0-1"]
[Round "01"]
[TimeControl "180+1"]
[Date "2022.04.19"]
[WhiteClock "0:00:04"]
[BlackClock "0:00:06"]

1. e4 e6 2. d4 d5 3. Nd2 c5 4. exd5 exd5 5. Ngf3 Nf6 6. Bb5+ Bd7 7. Qe2+ Be7 8. O-O O-O 9. dxc5 Re8 10. Qd3 a6 11. Bxd7 Nbxd7 12. b4 a5 13. c3 Qc7 14. Nb3 axb4 15. cxb4 b6 16. Be3 bxc5 17. bxc5 Ra3 18. Rfc1 Ng4 19. c6 Nb6 20. Bxb6 Qxb6 21. Qd4 Qxd4 22. Nfxd4 Bf6 23. c7 Raa8 24. Rab1 Ne5 25. Nc5 Nc4 26. Nb5 Be5 27. Nd7 Bf4 28. Rc2 Rac8 29. g3 Bxc7 30. Nxc7 Rxc7 31. Nb6 Rb7 32. a4 Rxb6 33. Rd1 Rb2 34. Rxb2 Nxb2 35. Rxd5 Nxa4 36. h4 Nb6 37. Rd6 Nc8 38. Rd7 Ne7 39. Kg2 h5 40. Ra7 g6 41. Ra5 Nf5 42. Kf3 Rc8 43. Ra4 Rc3+ 44. Kg2 Kg7 45. Ra6 Rc2 46. Ra4 Rb2 47. Kf3 Nd6 48. Ra6 Nc4 49. Ra4 Ne5+ 50. Kg2 Nd3 0-1


[Site "https://www.chess.com"]

[Event "Titled Tuesday Blitz April 19 Late 2022"]
[White "Djokic, Mihailo"]
[Black "Zanette, Edgard Vinicius"]
[WhiteFideId "976440"]
[BlackFideId "2109263"]
[WhiteElo "2202"]
[BlackElo "2182"]
[Result "1-0"]
[Round "01"]
[TimeControl "180+1"]
[Date "2022.04.19"]
[WhiteClock "0:00:11"]
[BlackClock "0:00:06"]

1. e4 e5 2. Nf3 Nc6 3. Nc3 Nf6 4. Bb5 Bc5 5. Nxe5 Nxe5 6. d4 Bd6 7. f4 Bb4 8. dxe5 Nxe4 9. Qf3 Nxc3 10. bxc3 Bc5 11. e6 Qe7 12. f5 O-O 13. Be3 fxe6 14. Bd3 exf5 15. Qd5+ Kh8 16. Qxc5 d6 17. Qd4 f4 18. O-O fxe3 19. Rxf8+ Qxf8 20. Qxe3 Bd7 21. Rf1 Qe8 22. Qd4 Qe7 23. Be4 c6 24. Qd3 h6 25. c4 Be6 26. Rd1 Rd8 27. a4 Bg4 28. Rf1 Bh5 29. h3 Re8 30. Rf4 Qe5 31. Rh4 Bf7 32. Qe3 Qa1+ 33. Kh2 Qe5+ 34. g3 d5 35. Rxh6+ Kg8 36. Bh7+ Kf8 37. Qc5+ Qe7 38. Qxe7+ Rxe7 39. Rd6 g5 40. cxd5 Bxd5 41. Bd3 Kf7 42. h4 gxh4 43. gxh4 Re6 44. Rd7+ Re7 45. Rd8 Re3 46. h5 Be6 47. Kg2 Re5 48. h6 Rg5+ 49. Kf2 Rh5 50. h7 Kg7 51. Re8 Bf7 52. Re7 Rh2+ 53. Kg3 Rh6 54. Rxb7 a5 55. Ra7 Rh5 56. Bc4 Rxh7 57. Rxf7+ Kh6 58. Rxh7+ Kxh7 59. Kf4 Kg7 60. Ke5 1-0


[Site "https://www.chess.com"]

[Event "Titled Tuesday Blitz April 19 Late 2022"]
[White "Dobrov, Vladimir"]
[Black "Le Goff, Ronan"]
[WhiteFideId "4136594"]
[BlackFideId "612073"]
[WhiteElo "2575"]
[BlackElo "2276"]
[Result "1-0"]
[Round "01"]
[TimeControl "180+1"]
[Date "2022.04.19"]
[WhiteClock "0:01:53"]
[BlackClock "0:01:14"]

1. c4 Nf6 2. Nc3 e5 3. Nf3 Nc6 4. e4 Bc5 5. Nxe5 Nxe5 6. d4 Bb4 7. dxe5 Nxe4 8. Qd4 f5 9. exf6 O-O 10. Bd3 d5 11. fxg7 Re8 12. O-O Nxc3 13. bxc3 c5 14. Bxh7+ Kxh7 15. Qd3+ Kxg7 16. cxb4 d4 17. bxc5 Qh4 18. Bb2 Rd8 19. Rad1 1-0


[Site "https://www.chess.com"]

[Event "Titled Tuesday Blitz April 19 Late 2022"]
[White "Wagner, Dinara"]
[Black "Grigorov, Grigor"]
[WhiteFideId "24157570"]
[BlackFideId "2907313"]
[WhiteElo "2216"]
[BlackElo "2510"]
[Result "0-1"]
[Round "01"]
[TimeControl "180+1"]
[Date "2022.04.19"]
[WhiteClock "0:00:09"]
[BlackClock "0:00:10"]

1. d4 Nf6 2. c4 e6 3. Nf3 b6 4. a3 Bb7 5. Nc3 Ne4 6. Nxe4 Bxe4 7. e3 d6 8. Bd3 Bxd3 9. Qxd3 Nd7 10. O-O Be7 11. e4 O-O 12. Bf4 a5 13. b3 Qc8 14. Rad1 Qb7 15. Rfe1 Rfe8 16. h3 Nf8 17. Bg3 Ng6 18. Qc3 Bf6 19. Qc2 Be7 20. Qc3 h6 21. Qc2 Red8 22. Qb2 b5 23. Qc2 bxc4 24. bxc4 a4 25. Rb1 Qc6 26. d5 exd5 27. exd5 Qd7 28. Nd4 Bf6 29. Nc6 Re8 30. Red1 Ne7 31. Nxe7+ Rxe7 32. Re1 Rxe1+ 33. Rxe1 Rb8 34. c5 dxc5 35. Qxc5 Rb5 36. Qxc7 Qxc7 37. Bxc7 Rxd5 38. Re4 Rd1+ 39. Kh2 Bd4 40. f3 Rd3 41. Kg3 f5 42. Re8+ Kf7 43. Rd8 Be5+ 44. Kf2 Rxd8 45. Bxd8 Bd6 46. Ke3 Bxa3 47. Kd3 Ke6 48. Kc4 Bd6 49. Ba5 a3 50. Kb3 Kd5 51. Bc3 Be5 52. Be1 Bb2 53. Bf2 g6 54. Be3 h5 55. Bf2 Bd4 56. Be1 Bc5 57. Bc3 Bd6 58. Be1 Kd4 59. g4 Ke3 60. gxh5 gxh5 61. Bc3 Kxf3 62. Kc4 Ke4 63. Kb5 Be5 0-1


[Site "https://www.chess.com"]

[Event "Titled Tuesday Blitz April 19 Late 2022"]
[White "Esipenko, Andrey"]
[Black "Kanyamarala, Tarun"]
[WhiteFideId "24175439"]
[BlackFideId "45004714"]
[WhiteElo "2617"]
[BlackElo "2177"]
[Result "1-0"]
[Round "01"]
[TimeControl "180+1"]
[Date "2022.04.19"]
[WhiteClock "0:01:52"]
[BlackClock "0:00:34"]

1. d4 f5 2. g3 Nf6 3. Bg2 g6 4. Nf3 Bg7 5. O-O O-O 6. c4 d6 7. Nc3 c6 8. d5 e5 9. dxe6 Bxe6 10. b3 Na6 11. Ng5 Bc8 12. Bb2 Qc7 13. Qd2 h6 14. Nf3 Be6 15. Rad1 Rad8 16. e3 Nc5 17. Ne2 a5 18. Qc2 Rfe8 19. Nf4 Bf7 20. Nh4 g5 21. Nxf5 gxf4 22. Nxg7 Kxg7 23. exf4 Bg6 24. f5 Bh7 25. Rfe1 Rxe1+ 26. Rxe1 Qf7 27. g4 Re8 28. Bxf6+ Kxf6 29. Qc3+ Kg5 30. h4+ Kxh4 31. Qg3+ Kg5 32. f4+ Kf6 33. Qc3+ Re5 34. fxe5+ Kg7 35. e6+ Qf6 36. Qxf6+ Kxf6 37. e7 1-0


[Site "https://www.chess.com"]

[Event "Titled Tuesday Blitz April 19 Late 2022"]
[White "Espinosa, Pedro"]
[Black "Rustemov, Alexander"]
[WhiteFideId "30921066"]
[BlackFideId "4119002"]
[WhiteElo "1696"]
[BlackElo "2732"]
[Result "0-1"]
[Round "01"]
[TimeControl "180+1"]
[Date "2022.04.19"]
[WhiteClock "0:00:02"]
[BlackClock "0:00:46"]

1. d4 d5 2. Nc3 Nf6 3. Bf4 a6 4. e3 c5 5. Nf3 Bg4 6. Be2 e6 7. O-O Nc6 8. h3 Bxf3 9. Bxf3 cxd4 10. exd4 Qb6 11. Ne2 Be7 12. Rb1 O-O 13. c3 Rfc8 14. Nc1 Qd8 15. Nd3 Na5 16. Ne5 b5 17. a3 Nc4 18. Nxc4 Rxc4 19. Re1 a5 20. Be2 Rc6 21. Bxb5 Rb6 22. a4 Bd6 23. Bg5 h6 24. Bh4 Be7 25. Qf3 Ne4 26. Bxe7 Qxe7 27. Qe3 Nd6 28. Bd3 Rab8 29. Re2 Qd7 30. Qc1 Qb7 31. Qc2 Rb3 32. Qd2 Qc6 33. Bc2 R3b6 34. Qd3 g6 35. Qe3 Kg7 36. Qe5+ Kg8 37. Qf4 Kg7 38. Qe5+ Kf8 39. Qh8+ Ke7 40. Qxh6 Rxb2 41. Rxb2 Rxb2 42. Qg5+ Kd7 43. Qe3 Rb7 44. Qd2 Rc7 45. Bd3 Qxc3 46. Qe3 Qc1+ 47. Kh2 Qxe3 48. fxe3 Rc3 49. Bb5+ Ke7 50. Kg3 f5 51. Kf3 g5 52. g3 Kf6 53. h4 Ne4 54. hxg5+ Nxg5+ 55. Kf2 Ne4+ 56. Kf3 Rc1 57. Rb2 Kg5 58. Bd3 Rc3 59. Bxe4 dxe4+ 60. Kg2 Ra3 61. Rb6 Kg4 62. Rxe6 Ra2+ 63. Kf1 Rxa4 64. Re5 Ra2 65. Kg1 a4 66. Ra5 a3 67. Kf1 Kxg3 68. Rxf5 Rb2 69. Rg5+ Kf3 70. Ra5 Rb1# 0-1


[Site "https://www.chess.com"]

[Event "Titled Tuesday Blitz April 19 Late 2022"]
[White "Fedoseev, Vladimir"]
[Black "Martinez Reyes, Pedro Ramon"]
[WhiteFideId "24130737"]
[BlackFideId "3901807"]
[WhiteElo "2726"]
[BlackElo "2410"]
[Result "1-0"]
[Round "01"]
[TimeControl "180+1"]
[Date "2022.04.19"]
[WhiteClock "0:00:30"]
[BlackClock "0:00:03"]

1. e4 e6 2. d4 d5 3. Nd2 Nf6 4. e5 Ne4 5. Nxe4 dxe4 6. Be3 c5 7. dxc5 Nd7 8. b4 Qc7 9. Bb5 b6 10. Qd4 bxc5 11. Qxe4 Rb8 12. Qc4 a6 13. Bxd7+ Bxd7 14. Nf3 Rxb4 15. Qxa6 Be7 16. O-O O-O 17. Rfb1 Bb5 18. Qa3 Bc6 19. Qc3 Qb7 20. Nd2 Bxg2 21. Bxc5 Bxc5 22. Qxc5 Bh3 23. f3 Rg4+ 24. Kf2 Rg2+ 25. Ke3 Qd7 26. Ne4 Qa4 27. Rb4 Qa3+ 28. Rb3 Qxc5+ 29. Nxc5 Rxc2 30. Nd7 Ra8 31. a4 h5 32. a5 Rc7 33. Rb8+ Rxb8 34. Nxb8 Rc3+ 35. Kd4 Rb3 36. Nc6 Rxf3 37. a6 Bg2 38. a7 Rf4+ 39. Kc5 Bxc6 40. Kxc6 Rc4+ 41. Kd7 Rd4+ 42. Ke7 1-0


[Site "https://www.chess.com"]

[Event "Titled Tuesday Blitz April 19 Late 2022"]
[White "Ferreira, Vitor Hugo Vieira"]
[Black "Bacrot, Etienne"]
[WhiteFideId "2119765"]
[BlackFideId "605506"]
[WhiteElo "2165"]
[BlackElo "2673"]
[Result "0-1"]
[Round "01"]
[TimeControl "180+1"]
[Date "2022.04.19"]
[WhiteClock "0:01:00"]
[BlackClock "0:01:24"]

1. d4 c5 2. d5 Nf6 3. Nc3 g6 4. e4 d6 5. Nf3 Bg7 6. Be2 O-O 7. O-O Na6 8. Bf4 Nc7 9. a4 a6 10. h3 Rb8 11. a5 Nd7 12. Nd2 b5 13. axb6 Nxb6 14. Ra2 Nb5 15. Nxb5 axb5 16. b3 Bd7 17. Bg4 f5 18. exf5 Bxf5 19. Bf3 Bxh3 20. Bg5 Bd7 21. Qe2 Rf7 22. c4 bxc4 23. Nxc4 Nxc4 24. bxc4 Be5 25. Ra7 Ra8 26. Rxd7 Qxd7 27. Bg4 Ra2 28. Bxd7 Rxe2 29. Be6 Kg7 30. Bxf7 Kxf7 31. f4 Bf6 32. Bxf6 Kxf6 33. Rf3 Re4 34. Rh3 h5 35. Rc3 Rxf4 36. Kh2 Rg4 37. Kh3 Re4 38. g3 Ke5 39. Rf3 Kd4 40. Rf7 Kxc4 41. Rg7 Kxd5 42. Rxg6 Re5 43. Rg8 c4 44. Rc8 Kd4 45. Kh4 c3 46. Rxc3 Kxc3 0-1


[Site "https://www.chess.com"]

[Event "Titled Tuesday Blitz April 19 Late 2022"]
[White "Foisor, Sabina-Francesca"]
[Black "Goryachkina, Aleksandra"]
[WhiteFideId "1212915"]
[BlackFideId "4147103"]
[WhiteElo "2243"]
[BlackElo "2426"]
[Result "1-0"]
[Round "01"]
[TimeControl "180+1"]
[Date "2022.04.19"]
[WhiteClock "0:00:07"]
[BlackClock "0:00:03"]

1. Nf3 d5 2. g3 Bg4 3. Bg2 c6 4. d3 Nf6 5. Nbd2 Nbd7 6. O-O e5 7. h3 Bh5 8. e4 Bd6 9. Qe2 O-O 10. b3 Re8 11. Bb2 Qc7 12. Rfe1 Rad8 13. g4 Bg6 14. Nh4 dxe4 15. dxe4 Bb4 16. c3 Bf8 17. Nf1 Nc5 18. Nxg6 hxg6 19. Rad1 Ne6 20. Bc1 a5 21. a4 Bc5 22. Ng3 Nf4 23. Qc2 Qb6 24. Bf1 Nh7 25. Be3 Ng5 26. Bg2 Rxd1 27. Rxd1 Bxe3 28. fxe3 Qxe3+ 29. Kh2 Nxg2 30. Kxg2 Ne6 31. Qd2 Qxd2+ 32. Rxd2 Nc5 33. b4 axb4 34. cxb4 Nxa4 35. Rd7 b5 36. Rc7 Re6 37. Rc8+ Kh7 38. Ne2 Nb6 39. Rc7 f6 40. Ng1 g5 41. Ne2 Nc4 42. Ng3 Kg8 43. Nf5 Kf8 44. Rxg7 Nd6 45. Rc7 Nxf5 46. gxf5 Rd6 47. Kf3 Ke8 48. Kg4 Kd8 49. Rf7 Ke8 50. Rc7 Rd4 51. Rxc6 Rxe4+ 52. Kh5 Rxb4 53. Kg6 e4 54. Kxf6 Kd7 55. Re6 Rd4 56. Re7+ Kd6 57. Kf7 b4 58. f6 b3 59. Rb7 e3 60. Rxb3 Re4 61. Rb1 e2 62. Re1 Re3 63. Kg7 Rxh3 64. f7 Rf3 65. Rxe2 g4 66. f8=Q+ Rxf8 67. Kxf8 1-0


[Site "https://www.chess.com"]

[Event "Titled Tuesday Blitz April 19 Late 2022"]
[White "Fonseca Manrique, Enrique"]
[Black "Mangialardo, Tiago Carvalho"]
[WhiteFideId "5114330"]
[BlackFideId "2130718"]
[WhiteElo "2563"]
[BlackElo "2056"]
[Result "1-0"]
[Round "01"]
[TimeControl "180+1"]
[Date "2022.04.19"]
[WhiteClock "0:00:43"]
[BlackClock "0:00:03"]

1. e4 e5 2. Nf3 Nc6 3. Bb5 a6 4. Ba4 Nf6 5. O-O Be7 6. Re1 d6 7. c3 O-O 8. h3 b5 9. Bb3 Na5 10. Bc2 c5 11. d4 cxd4 12. cxd4 exd4 13. Nxd4 Bb7 14. Nd2 Qc7 15. b3 Rac8 16. Bb2 Nc6 17. Nf5 Rfe8 18. Rc1 Qd7 19. Bb1 Rc7 20. Nf3 Rec8 21. Qd2 Rd8 22. Qg5 Ne8 23. Qg3 g6 24. Ng5 Bxg5 25. Qxg5 Ne5 26. Rxc7 Qxc7 27. f4 Nd7 28. Ne7+ Kf8 29. Nd5 Qc8 30. Qh6+ Kg8 31. Ne7# 1-0


[Site "https://www.chess.com"]

[Event "Titled Tuesday Blitz April 19 Late 2022"]
[White "Gomez Dieguez, David"]
[Black "Ingebretsen, Jens E"]
[WhiteFideId "22223630"]
[BlackFideId "1522965"]
[WhiteElo "2115"]
[BlackElo "2072"]
[Result "1-0"]
[Round "01"]
[TimeControl "180+1"]
[Date "2022.04.19"]
[WhiteClock "0:00:10"]
[BlackClock "0:00:08"]

1. c4 c6 2. Nf3 d5 3. e3 Nf6 4. Nc3 g6 5. d4 Bg7 6. Be2 O-O 7. O-O Bf5 8. Qb3 Qb6 9. Bd2 Nbd7 10. cxd5 Qxb3 11. axb3 cxd5 12. Rfc1 a6 13. Na4 Rac8 14. Bb4 Bc2 15. Bxe7 Rfe8 16. Bxf6 Bxf6 17. Bd1 Bxd1 18. Rxd1 Rc2 19. Ne1 Rc7 20. Nd3 Nb8 21. Nb6 Rd8 22. Rac1 Nc6 23. h3 Rd6 24. Nf4 Re7 25. Nc8 Red7 26. Nxd6 Rxd6 27. Rc5 Ne7 28. Rdc1 Rb6 29. Nxd5 Nxd5 30. Rxd5 Rxb3 31. Rc8+ Kg7 32. Rc2 b5 33. Kf1 h5 34. e4 a5 35. e5 Bg5 36. g3 h4 37. f4 Bh6 38. gxh4 Bxf4 39. Rcc5 Rf3+ 40. Ke2 Re3+ 41. Kf2 b4 42. Rxa5 Rb3 43. Rdb5 Rxb2+ 44. Kf3 Bd2 45. h5 gxh5 46. d5 Rb3+ 47. Ke2 Bf4 48. e6 fxe6 49. dxe6 Re3+ 50. Kf2 b3 51. Rf5 Bh6 52. Rf7+ Kg6 53. Ra6 Rc3 54. Rf3 Rc2+ 55. Kg3 h4+ 56. Kxh4 Bg5+ 57. Kg4 Rc4+ 58. Kg3 Kh5 59. Kg2 Re4 60. Rxb3 Re2+ 61. Kf3 Re1 62. Rb5 Rf1+ 63. Kg2 Re1 64. Raa5 Rxe6 65. Rxg5+ Kh6 66. Rg4 Re2+ 67. Kf3 Rb2 68. Re4 Rb3+ 69. Kg4 Rb6 70. Rc5 Kg6 71. Rec4 Rb1 72. Rc6+ Kf7 73. Rd4 Ke7 74. Rc3 Rg1+ 75. Kf3 Rh1 76. Ke4 Re1+ 77. Kd5 Rg1 78. Rc7+ Kf6 79. Rc6+ Ke7 80. Re4+ Kd7 81. Rh6 Rd1+ 82. Ke5 Rg1 83. Rg4 Re1+ 84. Kf5 Rf1+ 85. Kg5 Rf7 86. Kh4 Rf1 87. Rg7+ Ke8 88. Rh8+ Rf8 89. Rxf8+ Kxf8 90. Rg4 1-0


[Site "https://www.chess.com"]

[Event "Titled Tuesday Blitz April 19 Late 2022"]
[White "Hambleton, Aman"]
[Black "Debray, Christopher"]
[WhiteFideId "2606577"]
[BlackFideId "630810"]
[WhiteElo "2552"]
[BlackElo "2377"]
[Result "1-0"]
[Round "01"]
[TimeControl "180+1"]
[Date "2022.04.19"]
[WhiteClock "0:00:03"]
[BlackClock "0:00:11"]

1. d4 d5 2. Bf4 Nf6 3. e3 Bf5 4. c4 e6 5. Nc3 Bb4 6. Nf3 O-O 7. Be2 dxc4 8. Bxc4 Nd5 9. Bxd5 exd5 10. O-O Bxc3 11. bxc3 Nc6 12. Nd2 Na5 13. Re1 Re8 14. f3 b5 15. e4 Bg6 16. a4 a6 17. axb5 axb5 18. exd5 Nc4 19. Rxa8 Qxa8 20. Rxe8+ Qxe8 21. Nxc4 bxc4 22. Qd2 Qd7 23. Qe3 f6 24. Qe6+ Qxe6 25. dxe6 c6 26. Bd6 Bf5 27. e7 Kf7 28. Kf2 Bd7 29. Bc5 Ke6 30. Ke3 Kd5 31. Kf4 g6 32. h4 Ke6 33. Bb4 Be8 34. g4 Bd7 35. Bc5 Be8 36. Kg3 Bd7 37. Ba3 Be8 38. Kg2 Bd7 39. Kf2 Be8 40. Ke2 Bd7 41. Bb4 Be8 42. Kd2 Bd7 43. Bc5 f5 44. Ke3 fxg4 45. fxg4 Kf7 46. Kf4 Ke6 47. Kg5 Kf7 48. Kf4 Bc8 49. h5 gxh5 50. gxh5 Bd7 51. Ke5 h6 52. Kd6 Bg4 53. Kxc6 Bxh5 54. Kd7 Bg4+ 55. Kd8 1-0


[Site "https://www.chess.com"]

[Event "Titled Tuesday Blitz April 19 Late 2022"]
[White "Hamitevici, Vladimir"]
[Black "Boskovic, Drasko"]
[WhiteFideId "13902393"]
[BlackFideId "927368"]
[WhiteElo "2359"]
[BlackElo "2388"]
[Result "1/2-1/2"]
[Round "01"]
[TimeControl "180+1"]
[Date "2022.04.19"]
[WhiteClock "0:00:14"]
[BlackClock "0:01:05"]

1. d4 Nf6 2. Bg5 e6 3. Nd2 h6 4. Bh4 Be7 5. e3 b6 6. Bd3 Bb7 7. Ngf3 c5 8. O-O d6 9. c3 Nbd7 10. e4 cxd4 11. cxd4 e5 12. d5 O-O 13. Bxf6 Nxf6 14. Rc1 Rc8 15. Qa4 a6 16. Qb3 Nd7 17. Qa3 b5 18. Nb3 Qb6 19. Qa5 Qa7 20. a4 bxa4 21. Qxa4 Nc5 22. Nxc5 Rxc5 23. b4 Rxc1 24. Rxc1 Qb6 25. Nd2 Bg5 26. Nc4 Qd4 27. Rd1 Rd8 28. Na5 Ba8 29. Nc6 Bxc6 30. dxc6 Qc3 31. Bxa6 d5 32. Qa1 Qxc6 33. b5 Qb6 34. Qxe5 dxe4 35. Rxd8+ Qxd8 36. h4 Bxh4 37. g3 Qd1+ 38. Kh2 Bf6 39. Qxe4 Qd2 40. Kg2 Bd4 41. Qf3 Qb2 42. Qf5 g6 43. Qf3 h5 44. Kf1 Kg7 45. Qe2 Qb1+ 46. Kg2 Bb6 47. Bb7 Qf5 48. Bc6 Qc5 49. Qf3 f5 50. Qe2 Kh6 51. Be8 Qd4 52. Qf3 Kg7 53. Qb7+ Kh6 54. Qf3 Ba7 55. Bc6 Bc5 56. Qe2 Qf6 57. Be8 h4 58. Qc4 h3+ 59. Kxh3 Bxf2 60. Qh4+ Qxh4+ 61. gxh4 g5 62. hxg5+ Kxg5 63. Kg2 Bb6 64. Bc6 f4 65. Kf3 Kf6 66. Bb7 Ke7 67. Bc6 Kd6 68. Kxf4 Kc5 69. Kf3 Kb4 70. Bb7 Ka5 71. Ba6 Kb4 72. Bb7 Kc5 73. Ba8 Kxb5 1/2-1/2


[Site "https://www.chess.com"]

[Event "Titled Tuesday Blitz April 19 Late 2022"]
[White "Hamley, Ryan"]
[Black "Dubov, Daniil"]
[WhiteFideId "30959497"]
[BlackFideId "24126055"]
[WhiteElo "2523"]
[BlackElo "2791"]
[Result "0-1"]
[Round "01"]
[TimeControl "180+1"]
[Date "2022.04.19"]
[WhiteClock "0:00:02"]
[BlackClock "0:00:39"]

1. Nf3 d5 2. g3 g6 3. Bg2 Bg7 4. O-O Nf6 5. c4 c6 6. cxd5 cxd5 7. d4 O-O 8. Nc3 Ne4 9. Nd2 Nxc3 10. bxc3 Nc6 11. Qb3 e6 12. Ba3 Re8 13. e4 Na5 14. Qc2 b6 15. Rfd1 Bb7 16. Qd3 dxe4 17. Nxe4 Bxe4 18. Bxe4 Rc8 19. Rab1 Nc4 20. Bc1 Nd6 21. Bg2 Qc7 22. Bd2 Red8 23. Qe2 Nc4 24. Be1 Re8 25. h4 h5 26. Bf1 Nd6 27. Qf3 Red8 28. Bd2 Qd7 29. Rbc1 Nc4 30. Bg5 Re8 31. Bf6 Qd5 32. Qf4 Bxf6 33. Qxf6 Nd6 34. Rc2 Qf5 35. Qxf5 Nxf5 36. c4 Red8 37. Rcd2 Rc7 38. d5 exd5 39. Rxd5 Rxd5 40. Rxd5 Kg7 41. Kg2 Rc5 42. Rd7 Ra5 43. Rd2 Kf6 44. Bd3 Ng7 45. Kf3 Ne6 46. Be4 Ra3+ 47. Ke2 Nc5 48. Bb1 Na4 49. Rd4 Nc3+ 0-1


[Site "https://www.chess.com"]

[Event "Titled Tuesday Blitz April 19 Late 2022"]
[White "Hoffmann, Asa"]
[Black "Arabidze, Meri"]
[WhiteFideId "2001470"]
[BlackFideId "13604040"]
[WhiteElo "2117"]
[BlackElo "2335"]
[Result "0-1"]
[Round "01"]
[TimeControl "180+1"]
[Date "2022.04.19"]
[WhiteClock "0:00:02"]
[BlackClock "0:00:11"]

1. d4 f5 2. Nc3 d5 3. f3 Nf6 4. Bg5 c6 5. e4 dxe4 6. fxe4 fxe4 7. Bc4 Bf5 8. Nge2 e6 9. Ng3 Be7 10. O-O Qd7 11. Nxf5 exf5 12. Ne2 Na6 13. Nf4 Nc7 14. c3 O-O-O 15. a4 Kb8 16. a5 a6 17. Qb3 Ng4 18. Bxe7 Qxe7 19. Rae1 g5 20. Ne6 Qd6 21. g3 Nh6 22. Nxd8 Rxd8 23. Qc2 Nd5 24. Bxd5 cxd5 25. Qd2 Rg8 26. b3 f4 27. c4 fxg3 28. hxg3 Qxg3+ 29. Qg2 Qxg2+ 30. Kxg2 Ng4 31. cxd5 e3 32. Kg3 h5 33. Rh1 Rh8 34. Rxh5 Rxh5 35. Kxg4 Rh4+ 36. Kxg5 Rxd4 37. Rxe3 Rxd5+ 38. Kf4 Rxa5 39. Ke4 Rc5 40. Kd4 Rc6 41. Re5 Ka7 42. Rh5 Kb6 43. Rg5 a5 44. Rf5 Ka6 45. Rg5 b6 46. Rf5 Rc1 47. Rg5 Kb7 48. Rh5 Kc6 49. Rg5 Rc5 50. Rg6+ Kb5 51. Rf6 Rc6 52. Rf3 Kb4 53. Kd5 Rc3 54. Rf6 b5 55. Kd4 Rxb3 56. Rf1 Rb2 0-1


[Site "https://www.chess.com"]

[Event "Titled Tuesday Blitz April 19 Late 2022"]
[White "Ibarra Jerez, Jose Carlos"]
[Black "Lehtosaari, Mauri"]
[WhiteFideId "2226332"]
[BlackFideId "501999"]
[WhiteElo "2626"]
[BlackElo "2484"]
[Result "1-0"]
[Round "01"]
[TimeControl "180+1"]
[Date "2022.04.19"]
[WhiteClock "0:02:14"]
[BlackClock "0:01:38"]

1. Nf3 d5 2. e4 dxe4 3. Ng5 Nf6 4. d3 Bf5 5. Nc3 c6 6. Ngxe4 Nxe4 7. Nxe4 e6 8. h4 h6 9. Qf3 Nd7 10. Be2 Nf6 11. O-O Be7 12. g3 O-O 13. Re1 a5 14. a3 a4 15. c3 Bg4 16. Nxf6+ 1-0


[Site "https://www.chess.com"]

[Event "Titled Tuesday Blitz April 19 Late 2022"]
[White "Isajevsky, Anton"]
[Black "Jobava, Baadur"]
[WhiteFideId "4142500"]
[BlackFideId "13601520"]
[WhiteElo "2510"]
[BlackElo "2617"]
[Result "0-1"]
[Round "01"]
[TimeControl "180+1"]
[Date "2022.04.19"]
[WhiteClock "0:00:02"]
[BlackClock "0:01:20"]

1. c4 Nf6 2. Nc3 g6 3. g3 Bg7 4. Bg2 O-O 5. e3 c6 6. Nge2 d5 7. cxd5 cxd5 8. d4 Nc6 9. O-O e6 10. b3 Re8 11. Ba3 a6 12. Rc1 Bd7 13. Nf4 Na7 14. Na4 Bxa4 15. bxa4 Bf8 16. Bxf8 Kxf8 17. Qb3 Rb8 18. Nd3 Nd7 19. Rc2 Nc6 20. Rfc1 Kg7 21. Nc5 Nxc5 22. Rxc5 Qd6 23. Bf1 Rec8 24. Bd3 Ne7 25. Kg2 h5 26. h4 Rxc5 27. Rxc5 Nc6 28. Qc3 Rc8 29. Qb2 Rc7 30. Qb6 Kf6 31. Bb5 g5 32. hxg5+ Kxg5 33. Bxc6 bxc6 34. Qxa6 h4 35. f4+ Kf6 36. g4 Qd7 37. a5 Kg6 38. Qd3+ f5 39. g5 Rb7 40. Qc3 h3+ 41. Kh2 Qh7 42. Rxc6 Qh5 43. Rxe6+ Kg7 44. Qc2 Qf3 45. Rb6 Re7 46. a6 Rxe3 47. Rb7+ Kg6 48. Qc6+ Kh5 49. Qh6+ Kg4 0-1


[Site "https://www.chess.com"]

[Event "Titled Tuesday Blitz April 19 Late 2022"]
[White "Iskusnyh, Sergei"]
[Black "Necula, Iulian"]
[WhiteFideId "4120027"]
[BlackFideId "1232380"]
[WhiteElo "2492"]
[BlackElo "1776"]
[Result "1-0"]
[Round "01"]
[TimeControl "180+1"]
[Date "2022.04.19"]
[WhiteClock "0:00:52"]
[BlackClock "0:01:09"]

1. d4 d6 2. Nf3 g6 3. c4 Bg7 4. Nc3 f5 5. e3 Nf6 6. Be2 O-O 7. O-O c6 8. b4 Qc7 9. b5 e5 10. a4 e4 11. Nd2 c5 12. Nb3 b6 13. a5 bxa5 14. Nxa5 Be6 15. Bb2 cxd4 16. Qxd4 Ng4 17. Qd2 d5 18. Bxg4 fxg4 19. Nxd5 Bxd5 20. Qxd5+ Kh8 21. Bxg7+ Qxg7 22. Qxa8 h5 23. Qxe4 Nd7 24. Nc6 Nf6 25. Qd4 h4 26. Rxa7 Qh6 27. Ne5 Kg8 28. Nxg4 Nxg4 29. Qxg4 1-0


[Site "https://www.chess.com"]

[Event "Titled Tuesday Blitz April 19 Late 2022"]
[White "Ivanisevic, Ivan"]
[Black "Sliwicki, Damian"]
[WhiteFideId "912417"]
[BlackFideId "1127128"]
[WhiteElo "2495"]
[BlackElo "2084"]
[Result "1-0"]
[Round "01"]
[TimeControl "180+1"]
[Date "2022.04.19"]
[WhiteClock "0:00:32"]
[BlackClock "0:00:15"]

1. d4 Nf6 2. c4 g6 3. Nc3 d5 4. h4 h5 5. Bg5 dxc4 6. e4 Bg7 7. Bxc4 Nc6 8. e5 Nd7 9. Nge2 Nb6 10. Bb3 Bg4 11. f3 Bf5 12. Ne4 Bxe4 13. fxe4 Na5 14. O-O Nxb3 15. Qxb3 O-O 16. Rad1 Qd7 17. Nf4 Kh7 18. e6 Bxd4+ 19. Kh1 fxe6 20. Nxe6 Rxf1+ 21. Rxf1 Bf6 22. e5 Bxe5 23. Rf7+ Kh8 24. Nf8 Bg7 25. Nxd7 Nxd7 26. Qxb7 Rb8 27. Qxc7 Rxb2 28. Rxg7 Rb1+ 29. Kh2 1-0


[Site "https://www.chess.com"]